 Dungeon Crawl Stone Soup version 0.27-a0-1090-gb115f176c6 (webtiles) character file.

Game seed: 15902229226740208532

2643 1player the Agent of Entropy (level 9, -1/69 HPs)
             Began as a Formicid Abyssal Knight on Apr 27, 2021.
             Was a Priest of Lugonu.
             Slain by an orc warrior
             ... wielding a +0 trident
              (5 damage)
             ... on level 9 of the Dungeon.
             The game lasted 00:26:42 (13181 turns).

1player the Agent of Entropy (FoAK)                Turns: 13181, Time: 00:26:42

Health: -1/69      AC: 12    Str: 19    XL:     9   Next: 93%
Magic:  4/4        EV: 16    Int: 13    God:    Lugonu [***...]
Gold:   377        SH:  0    Dex: 12    Spells: 8/8 levels left

rFire    . . .     SeeInvis +   a - +10 flail of the Shoals {antimagic, Dex+2}
rCold    . . .     Faith    .   (no shield)
rNeg     . . .     Spirit   .   m - +0 scale mail
rPois    .         Reflect  .   (helmet unavailable)
rElec    .         Harm     .   n - +1 cloak
rCorr    .         Rampage  .   (no gloves)
Will     .....                  r - +1 pair of boots
Stlth    +.........             (no amulet)
HPRegen  0.21/turn              H - +4 ring of evasion
MPRegen  0.09/turn              (no ring)

@: no status effects
A: permanent stasis, dig shafts and tunnels, antennae 3, four strong arms
a: Dig, Shaft Self, Renounce Religion, Depart the Abyss, Bend Space, Banish


You were on level 9 of the Dungeon.
You worshipped Lugonu.
Lugonu was most pleased with you.
You visited 1 branch of the dungeon, and saw 9 of its levels.
You visited the Abyss 1 time.

You collected 470 gold pieces.
You spent 93 gold pieces at shops.

Inventory:

Hand Weapons
 a - the +10 flail of the Shoals (weapon) {antimagic, Dex+2}
   (You found it on level 6 of the Dungeon)

   It reduces the magical energy of the wielder, and disrupts the spells and
   magical abilities of those hit.
   Natural abilities and divine invocations are not affected.
   It affects your dexterity (+2).
 b - a +0 hunting sling
 v - a +0 dagger of venom
 w - the +8 Wrath of Trog {antimagic, *Rage}
   (You took it off a hobgoblin on level 4 of the Dungeon)

   It reduces the magical energy of the wielder, and disrupts the spells and
   magical abilities of those hit.
   Natural abilities and divine invocations are not affected.
   It may make you go berserk in combat.
 E - a +1 dagger of electrocution
Missiles
 l - 38 sling bullets
 p - 6 javelins (quivered)
 u - 29 poisoned darts
 C - 6 datura-tipped darts
Armour
 m - a +0 scale mail (worn)
 n - a +1 cloak (worn)
 r - a +1 pair of boots (worn)
Jewellery
 H - a +4 ring of evasion (left hand)
Scrolls
 h - a scroll of teleportation
 q - a scroll of amnesia
 x - 2 scrolls of torment
 B - 2 scrolls of enchant armour
 F - a scroll of enchant weapon
 I - a scroll of identify {@r1}
Potions
 c - a potion of flight
 e - 3 potions of attraction


   Skills:
 - Level 6.0 Fighting
 - Level 6.0 Maces & Flails
 - Level 6.0 Armour
 - Level 6.0 Dodging
 - Level 3.0 Stealth
 + Level 7.4 Invocations


You had 8 spell levels left.
You didn't know any spells.
Your spell library contained the following spells:

 Spells                   Type           Power      Damage    Failure   Level
 Animate Skeleton         Necr           0%         N/A       63%         1
 Corona                   Hex            0%         N/A       63%         1
 Magic Dart               Conj           0%         1d3       63%         1
 Pain                     Necr           0%         1d4       63%         1
 Ensorcelled Hibernation  Hex/Ice        0%         N/A       77%         2
 Searing Ray              Conj           0%         3d3       77%         2
 Confusing Touch          Hex            0%         N/A       94%         3
 Dazzling Flash           Conj/Hex       0%         N/A       94%         3
 Tukima's Dance           Hex            0%         N/A       94%         3
 Vampiric Draining        Necr           0%         2d6       94%         3
 Animate Dead             Necr           0%         N/A       100%        4
 Fulminant Prism          Conj/Hex       0%         3d6       100%        4
 Iskenderun's Mystic Bla  Conj/Tloc      0%         2d3       100%        4
 Agony                    Necr           0%         N/A       100%        5


Dungeon Overview and Level Annotations

Branches:
Dungeon (9/15)             Temple (0/1) D:4            Lair (0/6) D:8
    Orc: D:9-12

Altars:
Dithmenos
Elyvilon
Fedhas
Okawaru
Ru
Uskayaw

Shops:
D:3 *

Annotations:
D:4 exclusion: downstairs


Innate Abilities, Weirdness & Mutations

You cannot be hasted, slowed, berserked, paralysed or teleported.
You can dig through walls and to a lower floor.
You have a pair of large antennae on your head. (SInv)
Your four strong arms can wield two-handed weapons with a shield.


Message History

You barely miss the orc. The orc barely misses you.
The orc warrior hits you from afar with a +0 trident.
You sock the orc!
You kill the orc!
Lugonu accepts your kill. The orc warrior completely misses you.
The orc warrior hits you with a +0 trident!
Things that are here:
a +0 club; a +0 leather armour You hit the orc warrior.
The orc warrior is lightly wounded.
The orc warrior barely misses you.
You hit the orc warrior.
The orc warrior is lightly wounded.
The orc warrior barely misses you.
You sock the orc warrior!
The orc warrior is heavily wounded.
The orc warrior barely misses you.
You hit the orc warrior but do no damage.
The orc warrior is heavily wounded.
The orc warrior closely misses you.
You barely miss the orc warrior.
The orc warrior is heavily wounded.
The orc warrior hits you but does no damage.
You hit the orc warrior but do no damage.
The orc warrior is heavily wounded.
The orc warrior hits you with a +0 trident.
You sock the orc warrior!
The orc warrior is almost dead.
The orc warrior hits you with a +0 trident!
You closely miss the orc warrior.
The orc warrior is almost dead.
The orc warrior hits you with a +0 trident!
* * * LOW HITPOINT WARNING * * *
The orc warrior hits you with a +0 trident.
* * * LOW HITPOINT WARNING * * *
You hit the orc warrior.
The orc warrior is almost dead.
The orc warrior hits you with a +0 trident.
You die...

{ { { #..
#.. #.. ###
#.. #.####
#.. ##....#
{
#..##.###.##
#..#@##
##.####
#..o##
##...## {
.......##
#....####
..?>...
##.......###
.......
#...........
.......
#+###.......
......o #.#
#.......
.<..... ...
#.......
....... ...
#.......


You could see an orc warrior.

Vanquished Creatures
  2 steam dragons
  An orc warrior (D:8)
  An ice beast (D:6)
  2 necrophages
  2 black bears
  3 centaurs
  3 bullfrogs
  A scorpion (D:4)
  A water moccasin zombie (D:6)
  4 killer bees (D:8)
  5 wights
  A centaur zombie (D:7)
  7 orc priests
  3 jellies
  A gnoll shaman (D:7)
  2 hounds
  A centaur skeleton (D:6)
  An iguana (D:6)
  5 orc wizards
  A hound skeleton (D:5)
  A howler monkey zombie (D:9)
  2 howler monkey skeletons
  4 gnolls
  9 adders
  A white imp (D:6)
  2 ufetubi
  2 worms
  A dart slug (D:1)
  41 orcs
  5 ball pythons
  9 endoplasms
  3 giant cockroaches
  7 hobgoblins
  6 jackals (D:3)
  11 kobolds
  2 quokkas
  6 bats
  3 frilled lizards
  3 goblins
  10 rats
175 creatures vanquished.

Vanquished Creatures (others)
  7 plants
7 creatures vanquished.

Grand Total: 182 creatures vanquished

Notes
Turn   | Place    | Note
-------+----------+-------------------------------------------
     0 | Abyss:1  | 1player the Formicid Abyssal Knight began the quest for the
                  | Orb.
     0 | Abyss:1  | Reached XP level 1. HP: 18/18 MP: 2/2
   148 | Abyss:1  | Noticed a large abomination
   151 | Abyss:1  | Noticed a ynoxinul
   152 | D:1      | Escaped the Abyss
   372 | D:1      | Reached skill level 1 in Stealth
   428 | D:1      | Reached XP level 2. HP: 23/24 MP: 3/3
   687 | D:1      | Reached * piety under Lugonu
   897 | D:1      | Reached XP level 3. HP: 24/30 MP: 4/4
  1143 | D:1      | Found a faded altar of an unknown god.
  1891 | D:2      | Reached XP level 4. HP: 14/37 MP: 5/5
  2806 | D:3      | Found a sacrificial altar of Ru.
  2901 | D:3      | Found Romit's Assorted Antiques.
  3194 | D:3      | Reached XP level 5. HP: 35/42 MP: 6/6
  4569 | D:4      | Found a staircase to the Ecumenical Temple.
  4758 | D:4      | Reached ** piety under Lugonu
  4845 | D:4      | Reached XP level 6. HP: 23/50 MP: 7/7
  5051 | D:3      | Bought an inky potion for 17 gold pieces
  5051 | D:3      | Bought a potion of might for 76 gold pieces
  5159 | D:4      | Noticed a black bear
  5326 | D:5      | Entered Level 5 of the Dungeon
  5586 | D:5      | Reached skill level 5 in Fighting
  5647 | D:5      | Noticed a necrophage
  5693 | D:4      | Killed a necrophage
  5694 | D:4      | Reached skill level 5 in Maces & Flails
  5694 | D:4      | Reached XP level 7. HP: 22/57 MP: 8/8
  7298 | D:5      | Reached skill level 1 in Dodging
  7645 | D:5      | Found a white marble altar of Elyvilon.
  7896 | D:5      | Reached XP level 8. HP: 64/64 MP: 9/9
  9122 | D:6      | Reached skill level 5 in Dodging
  9158 | D:6      | Reached *** piety under Lugonu
  9206 | D:6      | Identified the +10 flail of the Shoals {antimagic, Dex+2}
  9702 | D:6      | Found a hide-covered altar of Uskayaw.
  9704 | D:6      | Found a shadowy altar of Dithmenos.
  9705 | D:6      | Found an iron altar of Okawaru.
 10029 | D:6      | Reached XP level 9. HP: 62/69 MP: 3/10
 10328 | D:7      | Reached skill level 3 in Invocations
 10445 | D:7      | Reached skill level 4 in Invocations
 10851 | D:7      | Reached skill level 5 in Armour
 10851 | D:7      | Reached skill level 5 in Invocations
 11168 | D:7      | Found a blossoming altar of Fedhas.
 11661 | D:8      | Found a staircase to the Lair.
 11962 | D:8      | Reached skill level 6 in Invocations
 12632 | D:8      | Reached skill level 7 in Invocations
 13106 | D:9      | Noticed a hornet
 13180 | D:9      | HP: 3/69 [orc warrior/+0 trident (5)]
 13181 | D:9      | Slain by an orc warrior

Illustrated notes

Levels and vault maps discovered:
D:1:      elethiomel_arrival_quiet, layout_loops_corners,
          ebering_ecumenical_altar_rust, serial_bayou_pond_a, chequers_garden,
          chequers_decorated_corner, dk_noncrumbling_2, minmay_split_cup_large
D:2:      layout_rooms, grunt_ministairs_5, grunt_decor_mini_mirrors,
          minmay_misc_feat_encased, minmay_puff
D:3:      layout_basic, nicolae_ru_awakened_eye, serial_shops, shop,
          kennysheep_boxes
D:4:      minmay_octagon_keep, layout_basic,
          minmay_temple_entry_statues_fountains
D:5:      layout_basic, old_standard_altar
D:6:      minmay_inner_zag, layout_loops_ring,
          gammafunk_temple_overflow_forgotten
D:7:      layout_cave_pools, fedhas_bush_and_centaur_altar,
          chequers_serial_rivers_small_3
D:8:      layout_basic
D:9:      due_megacathedral, layout_long_grid, kennysheep_minor_cross

Skill      XL: |  1  2  3  4  5  6  7  8  9 |
---------------+----------------------------+-----
Stealth        | 1 2 3 |  3.0
Fighting       | 4 5 6 |  6.0
Maces & Flails | 3 4 5 6 |  6.0
Dodging        | 2 5 6 |  6.0
Armour         | 3 6 |  6.0
Invocations    | 7 |  7.4

Action                   |  1- 3 |  4- 6 |  7- 9 || total
-------------------------+-------+-------+-------++-------
Melee: Mace              |    88 |   163 |    51 ||   302
       Club              |     9 |       |       ||     9
       Dagger            |       |       |   158 ||   158
       Battleaxe         |       |       |     2 ||     2
       Flail             |       |       |   163 ||   163
 Fire: Hunting sling     |       |     7 |    22 ||    29
Throw: Throwing net      |       |       |     1 ||     1
Invok: Depart the Abyss  |     1 |       |       ||     1
       Bend Space        |       |       |     2 ||     2
 Abil: Dig               |    11 |    14 |    34 ||    59
  Use: Scroll            |     2 |    11 |     2 ||    15
       Potion            |       |     1 |     5 ||     6
Armor: Leather armour    |    17 |       |       ||    17
       Ring mail         |    32 |     5 |       ||    37
       Scale mail        |       |    92 |   183 ||   275
Dodge: Dodged            |    77 |    92 |   232 ||   401

Table legend: (Time is in decaauts)
 A = Elapsed time spent in this place.
 B = Non-inter-level travel time spent in this place.
 C = Inter-level travel time spent in this place.
 D = Time resting spent in this place.
 E = Time spent auto-exploring this place.
 F = Levels seen in this place.
 G = Mean time per level.
                   A        B        C        D        E       F      G
               +--------+--------+--------+--------+--------+-----+--------+
         Total |  13296 |  12532 |    764 |   4562 |   5109 |  10 | 1329.6 |
       Dungeon |  13144 |  12380 |    764 |   4562 |   4965 |   9 | 1460.4 |
         Abyss |    152 |    152 |      0 |      0 |    144 |   1 |  152.0 |
               +--------+--------+--------+--------+--------+-----+--------+

Top non-repeatable levels by time:
     D:4: 3660 daAuts
     D:7: 1483 daAuts
     D:5: 1448 daAuts
     D:8: 1382 daAuts
     D:1: 1334 daAuts
     D:6: 1256 daAuts
     D:2: 1232 daAuts
     D:3: 1153 daAuts
     D:9: 192 daAuts
 Abyss:1: 152 daAuts
